 Dungeon Crawl Stone Soup version 0.27-a0-1105-g946c659c87 (webtiles) character file.

Game seed: 8618047527237795054

63 DogServant the Magician (level 4, -2/31 HPs)
             Began as a Djinni Fire Elementalist on Apr 29, 2021.
             Slain by an orc
             ... wielding a +0 hand axe
              (4 damage)
             ... on level 2 of the Dungeon.
             The game lasted 00:03:18 (1409 turns).

DogServant the Magician (Djinni Fire Elementalist)  Turns: 1409, Time: 00:03:19

Health: -2/31      AC:  5    Str:  5 (7)  XL:     4   Next: 10%
Gold:   51         EV: 12    Int: 16 (18) God:
                   SH:  0    Dex: 11 (13)

rFire    + + .     SeeInvis .   l - +0 long sword
rCold    x . .     Faith    .   (no shield)
rNeg     . . .     Spirit   .   a - +0 robe
rPois    ∞         Reflect  .   m - +0 helmet
rElec    .         Harm     .   (no cloak)
rCorr    .         Rampage  .   (no gloves)
Will     .....                  (boots unavailable)
Stlth    ++........             (no amulet)
HPRegen  0.10/turn              (no ring)
MPRegen  0.00/turn              (no ring)

@: unable to read, flying
A: fire resistance 2, cold vulnerability 1, float, innate caster, hp casting,
extra vitality 1, claws 1, iridescent scales 1, inability to read while
threatened
a: no special abilities


You were on level 2 of the Dungeon.
You visited 1 branch of the dungeon, and saw 2 of its levels.

You collected 51 gold pieces.

Inventory:

Hand Weapons
 i - a +0 short sword
 l - a +0 long sword (weapon)
Armour
 a - a +0 robe (worn)
 m - a +0 helmet (worn)
Scrolls
 c - a scroll of blinking {unknown}
 d - a scroll of vulnerability {unknown}
 e - a scroll of identify {unknown}
 g - 3 scrolls of teleportation {unknown}
 j - 2 scrolls of amnesia {unknown}
Potions
 k - a potion of mutation


   Skills:
 + Level 0.1 Fighting
 - Level 2.4 Dodging
 - Level 2.0 Stealth
 + Level 3.9 Spellcasting


You couldn't memorise any spells.
You knew the following spells:

 Your Spells              Type           Power      Damage    Failure   Level
a - Foxfire               Conj/Fire      60%        2x1d7     3%          1
b - Conjure Flame         Conj/Fire      15%        6-21      11%         3
c - Inner Flame           Hex/Fire       15%        N/A       11%         3
d - Sticky Flame          Conj/Fire      15%        2d4       34%         4
e - Fireball              Conj/Fire      7%         3d5       67%         5
f - Pain                  Necr           60%        1d7       3%          1
Your spell library was empty.

Dungeon Overview and Level Annotations

Branches:
Dungeon (2/15)

Altars:


Innate Abilities, Weirdness & Mutations

You are immune to poison.
Your flesh is very heat resistant. (rF++)
You are vulnerable to cold. (rC-)
You float through the air rather than walking.
You learn spells naturally, not from books.
Your magical power is your life essence.
You have superior vitality. (+4 HP)
You have sharp fingernails.
You are partially covered in iridescent scales. (AC +2)
You sometimes lose the ability to read scrolls when taking damage.


Message History

Confirm with . or Enter, or press ? or * to list all spells.
You conjure some foxfire!
* * * LOW HITPOINT WARNING * * *
The foxfire hits the orc but does no damage.
The orc is lightly wounded.
The foxfire hits the orc.
The orc is moderately wounded.
The orc wizard gestures at you while chanting.
The magic dart hits you.
* * * LOW HITPOINT WARNING * * *
The orc wizard gestures at itself while chanting.
The orc wizard flickers and vanishes!
Deactivating autopickup; reactivate with Ctrl-A.
Casting: Foxfire (safe; 3% risk of failure)
Confirm with . or Enter, or press ? or * to list all spells.
You conjure some foxfire!
* * * LOW HITPOINT WARNING * * *
Unknown command.
Okay, then.
It was a potion of mutation.
You feel extremely strange.
Your fingernails lengthen.
You lose the ability to read scrolls when threatened.
Iridescent scales grow over part of your body.
The foxfire hits the orc.
The orc is severely wounded.
The foxfire hits the orc but does no damage.
The orc is severely wounded.
The orc hits you with a +0 hand axe.
* * * LOW HITPOINT WARNING * * *
Okay, then.
Okay, then.
Hit: l) +0 long sword
Press: ? - help, Dir - move target, f - orc
Aim: an orc, wielding a +0 hand axe and wearing a +0 scale mail (severely wounded, about 44% to evade your +0 long sword)
Okay, then.
Okay, then.
This is a scroll of acquirement!
Something appears before you! The orc hits you with a +0 hand axe.
You feel threatened and lose the ability to read scrolls!
You die...

#..###..# ######...
##..#..##### #.......
##(.......# ##.#...
##.######.######..#.#
#..# #)..........#
###.## ####.##oo.o.####
#...# #.....##.###....#
#.### #.#.####.#
####.##### #.#
......§@o######.....####
..#
#######.............†...
.## (.############)... .
#..# #... # .... ...
#.... .. ...#. .. #...
.# . #


You could see 3 orcs.

Vanquished Creatures
  Jessica (D:2)
  A worm (D:2)
  2 dart slugs (D:1)
  An orc (D:2)
  A ball python (D:2)
  3 bats
  2 endoplasms (D:1)
  A giant cockroach (D:1)
  4 hobgoblins
  5 kobolds
  2 quokkas
  A goblin (D:2)
  2 rats (D:1)
26 creatures vanquished.

Vanquished Creatures (collateral kills)
  A foxfire (D:1)
1 creature vanquished.

Vanquished Creatures (others)
  101 foxfires
101 creatures vanquished.

Grand Total: 128 creatures vanquished

Notes
Turn   | Place    | Note
-------+----------+-------------------------------------------
     0 | D:1      | DogServant the Djinni Fire Elementalist began the quest for
                  | the Orb.
     0 | D:1      | Reached XP level 1. HP: 15/15 MP: 0/0
   183 | D:1      | Reached skill level 3 in Spellcasting
   183 | D:1      | Reached XP level 2. HP: 19/21 MP: 0/0
   985 | D:2      | Reached XP level 3. HP: 24/25 MP: 0/0
   985 | D:2      | Learned a level 1 spell: Pain
  1276 | D:2      | Noticed Jessica
  1285 | D:2      | Killed Jessica
  1286 | D:2      | Reached XP level 4. HP: 24/31 MP: 0/0
  1408 | D:2      | Gained mutation: You have sharp fingernails. [potion of
                  | mutation]
  1408 | D:2      | Gained mutation: You sometimes lose the ability to read
                  | scrolls when taking damage. [potion of mutation]
  1408 | D:2      | Gained mutation: You are partially covered in iridescent
                  | scales. (AC +2) [potion of mutation]
  1408 | D:2      | HP: 1/31 [orc/+0 hand axe (1)]
  1409 | D:2      | Identified a scroll of acquirement
  1409 | D:2      | Acquired the +12 quarterstaff of the Establishment {vorpal,
                  | Int+4}
  1409 | D:2      | Slain by an orc

Illustrated notes

Levels and vault maps discovered:
D:1:      sevenhm_arrival_forest_fort_small_4, layout_rooms,
          supply_closet_lemuel, hangedman_abyss_or_decor_lesser_grid
D:2:      layout_rooms, minmay_misc_feat_more_columns, uniq_jessica

Skill      XL: |  1  2  3 |
---------------+----------+-----
Spellcasting   | 3 |  3.9
Stealth        | 2 |  2.0
Fighting       | |  0.1
Dodging        | |  2.4

Action                   |  1- 3 |  4- 6 || total
-------------------------+-------+-------++-------
 Cast: Foxfire           |    50 |     9 ||    59
       Conjure Flame     |       |     1 ||     1
  Use: Potion            |       |     3 ||     3
       Scroll            |       |     1 ||     1
Armor: Robe              |     1 |       ||     1
Dodge: Dodged            |     1 |     6 ||     7
       Rpst.: Long sword |       |     1 ||     1

Table legend: (Time is in decaauts)
 A = Elapsed time spent in this place.
 B = Non-inter-level travel time spent in this place.
 C = Inter-level travel time spent in this place.
 D = Time resting spent in this place.
 E = Time spent auto-exploring this place.
 F = Levels seen in this place.
 G = Mean time per level.
                   A        B        C        D        E       F      G
               +--------+--------+--------+--------+--------+-----+--------+
         Total |   1407 |   1393 |     14 |      0 |   1194 |   2 |  703.5 |
       Dungeon |   1407 |   1393 |     14 |      0 |   1194 |   2 |  703.5 |
               +--------+--------+--------+--------+--------+-----+--------+

Top non-repeatable levels by time:
     D:1: 982 daAuts
     D:2: 425 daAuts
